 Dungeon Crawl Stone Soup version 0.29.1-2-gbd0b4ee654 (webtiles) character file.

Game seed: 7365588363951260801

182 zeram the Covert (level 5, -26/34 HPs)
             Began as an Octopode Brigand on Nov 16, 2022.
             Killed by an exploding Blork the orc (31 damage)
             ... ignited by their inner flame
             ... on level 4 of the Dungeon.
             The game lasted 00:02:39 (2488 turns).

zeram the Covert (Octopode Brigand)                 Turns: 2488, Time: 00:02:39

Health: -26/34     AC:  1    Str: 10    XL:     5   Next: 61%
Magic:  5/5        EV: 13    Int: 15    God:
Gold:   193        SH:  0    Dex: 14    Spells: 4/4 levels left

rFire   . . .      SeeInvis .   a - +2 dagger
rCold   . . .      Faith    .   (no shield)
rNeg    . . .      Spirit   .   (helmet restricted)
rPois   .          Reflect  .   (no amulet)
rElec   .          Harm     .   (no ring)
rCorr   .          Rampage  .   (no ring)
Will    .....                   (no ring)
Stlth   +++++.....              (no ring)
HPRegen 0.11/turn               (no ring)
MPRegen 0.09/turn               (no ring)
                                (no ring)
                                (no ring)

@: no status effects
A: almost no armour, amphibious, 8 rings, camouflage 1, gelatinous body 1,
(nimble swimmer 1), tentacles
a: no special abilities


You were on level 4 of the Dungeon.
You visited 1 branch of the dungeon, and saw 4 of its levels.

You collected 193 gold pieces.

Inventory:

Hand Weapons
 a - a +2 dagger (weapon)
Missiles
 b - 9 poisoned darts (quivered)
 c - 5 curare-tipped darts
Scrolls
 e - a scroll of magic mapping {unknown}
 h - a scroll of fog
Potions
 d - a potion of brilliance
 f - a potion of lignification
 o - 2 potions of curing


   Skills:
 - Level 2.0 Fighting
 + Level 3.1 Short Blades
 - Level 2.0 Throwing
 + Level 1.3 Dodging
 + Level 8.5 Stealth


You had 4 spell levels left.
You didn't know any spells.
Your spell library contained the following spells:

 Spells                   Type           Power      Damage    Failure   Level
 Apportation              Tloc           0%         N/A       26%         1
 Necrotise                Necr           0%         1d4       26%         1
 Summon Small Mammal      Summ           0%         N/A       26%         1
 Frozen Ramparts          Ice            0%         1d1       63%         3
 Ice Form                 Ice/Tmut       0%         N/A       95%         4
 Summon Ice Beast         Ice/Summ       0%         N/A       95%         4


Dungeon Overview and Level Annotations

Branches:
Dungeon (4/15)
 Temple: D:4-7

Altars:
Hepliaklqana
Yredelemnul


Innate Abilities, Weirdness & Mutations

You cannot wear most types of armour.
You are amphibious.
You can wear up to eight rings at the same time.
Your skin changes colour to match your surroundings (Stealth+).
Your rubbery body absorbs attacks. (AC +1, EV +1)
((You are camouflaged when in or above water. (Stealth+)))
You have tentacles for arms and can constrict up to eight enemies at once.


Message History

You constrict Blork the orc.
A hound comes into view.
Blork the orc closely misses you.
The hound barks!
You hit Blork the orc. You squeeze Blork the orc.
Blork the orc is heavily wounded.
You constrict Blork the orc, but do no damage.
Blork the orc hits you with a +0 battleaxe!
You hit Blork the orc.
You squeeze Blork the orc, but do no damage.
Blork the orc is heavily wounded.
You constrict Blork the orc.
Blork the orc hits you with a +0 battleaxe.
The giant cockroach closely misses you. Blork the orc casts a spell at you.
The magic dart hits you!
You are too injured to fight recklessly!
Unknown command.
It was a potion of heal wounds.
You feel much better.
You constrict Blork the orc.
Blork the orc gestures at you while chanting.
The puff of flame hits you! The giant cockroach bites you.
As you read the scroll labelled MORRIU RIPNEPN, it crumbles to dust.
The creatures around you are filled with an inner flame!
It was a scroll of immolation.
You constrict Blork the orc.
Flame seeps out of Blork the orc.
Blork the orc is engulfed in blazing flames.
Flame seeps out of Blork the orc.
Blork the orc hits you with a +0 battleaxe!
* * * LOW HITPOINT WARNING * * *
The giant cockroach bites you.
* * * LOW HITPOINT WARNING * * *
The hobgoblin closely misses you.
Blork the orc is engulfed in blazing flames.
Blork the orc explodes!
The fiery explosion engulfs the giant cockroach!!!
The fiery explosion engulfs the hobgoblin!!
The fiery explosion engulfs the adder!!
The fiery explosion engulfs you!!
Ouch! That really hurt!
You die...

..... ....... ......
....... ...... ......
...... ..... #
#....##......##...# #.
.............§h.###
...#......^...#§○§...#
...#......... #§@...##
#..........####......##
##..........##.........#
.#..............#.......
....##.........##$......
.#..#.......###.#.......
.##).....#..............
..#....####.........#...
..#..####...........##.#


You could see a hound (inner flame).

Vanquished Creatures
  An ogre (D:4)
  Blork the orc (D:4)
  An iguana (D:3)
  An adder (D:4)
  3 worms
  2 dart slugs
  An orc (D:3)
  7 endoplasms (D:1)
  3 giant cockroaches
  3 goblins
  6 hobgoblins
  3 kobolds
  2 quokkas
  3 ball pythons
  7 bats
  5 frilled lizards
  7 rats
56 creatures vanquished.

Notes
Turn   | Place    | Note
-------+----------+-------------------------------------------
     0 | D:1      | zeram the Octopode Brigand began the quest for the Orb.
     0 | D:1      | Reached XP level 1. HP: 14/14 MP: 1/1
    43 | D:1      | Reached skill level 6 in Stealth
    43 | D:1      | Reached XP level 2. HP: 13/19 MP: 2/2
   357 | D:1      | Found a faded altar of an unknown god.
   636 | D:1      | Reached XP level 3. HP: 23/24 MP: 3/3
  1509 | D:2      | Reached skill level 7 in Stealth
  2117 | D:3      | Found a hazy altar of Hepliaklqana.
  2130 | D:3      | Reached XP level 4. HP: 29/29 MP: 4/4
  2217 | D:3      | Found a basalt altar of Yredelemnul.
  2458 | D:4      | Noticed an ogre
  2463 | D:4      | Killed an ogre
  2464 | D:4      | Reached skill level 8 in Stealth
  2464 | D:4      | Reached XP level 5. HP: 34/34 MP: 5/5
  2480 | D:4      | Noticed Blork the orc
  2488 | D:4      | Killed Blork the orc
  2488 | D:4      | Killed by an exploding Blork the orc... ignited by their
                  | inner flame

Illustrated notes

Levels and vault maps discovered:
D:1:      roderic_dead_forest, layout_basic,
          hellmonk_ecumenical_altar_heavens_door
D:2:      layout_loops_cross, minmay_misc_feat_plants, minmay_unequal
D:3:      layout_loops_ring, mainiacjoe_overflow_paths,
          nicolae_hepliaklqana_hazy_memory
D:4:      layout_cave_pools, uniq_blork_the_orc

Skill      XL: |  1  2  3  4 |
---------------+-------------+-----
Stealth        | 6 7 8 |  8.5
Short Blades   | 3 |  3.1
Fighting       | |  2.0
Throwing       | |  2.0
Dodging        | |  1.3

Action                   |  1- 3 |  4- 6 || total
-------------------------+-------+-------++-------
Melee: Dagger            |    72 |    12 ||    84
       Constrict         |    18 |     2 ||    20
       Tentacles         |    13 |     3 ||    16
       Punch             |     2 |       ||     2
  Use: Scroll            |     9 |     2 ||    11
       Potion            |       |     1 ||     1
 Stab: Sleeping          |    15 |     6 ||    21
Armor: Skin              |     6 |       ||     6
Dodge: Dodged            |    27 |     4 ||    31
